[Event "Titled Tuesday Blitz September 27 Early 2022"]
[White "Bryakin, Mikhail"]
[Black "Ronka, Erik"]
[WhiteFideId "4165314"]
[BlackFideId "505080"]
[WhiteElo "2357"]
[BlackElo "2264"]
[Result "1-0"]
[Round "10"]
[TimeControl "180+1"]
[Date "2022.09.27"]
[WhiteClock "0:00:03"]
[BlackClock "0:00:01"]

1. e4 c5 2. Nf3 e6 3. c3 Nf6 4. e5 Nd5 5. d4 cxd4 6. cxd4 d6 7. Bc4 Be7 8. O-O O-O 9. Nc3 Nxc3 10. bxc3 dxe5 11. Nxe5 Nd7 12. f4 Qc7 13. Qe2 b6 14. Rf3 Bb7 15. Rh3 Nf6 16. Bd3 g6 17. Bd2 Rac8 18. Rf1 Nd7 19. Ng4 Qc6 20. Rf2 Qd5 21. f5 gxf5 22. Nh6+ Kh8 23. Qh5 Nf6 24. Nxf7+ Kg7 25. Qh6+ Kxf7 26. Bf4 Rg8 27. Bf1 Ke8 28. Be5 Rg6 29. Qh4 Kd7 30. Bxf6 Bxf6 31. Qxh7+ Rg7 32. Qh6 Rcg8 33. Rg3 Rxg3 34. hxg3 Be7 35. a4 a6 36. Kh2 Rf8 37. c4 Qd6 38. c5 Qd5 39. Rc2 Bc6 40. Bc4 Qe4 41. Re2 Qxd4 42. Qxe6+ Kc7 43. Qxe7+ Bd7 44. Qxf8 Qxc4 45. Qd6+ Kc8 46. Re7 Qxa4 47. Qxb6 Qc6 48. Qxc6+ Bxc6 49. Ra7 Bb5 50. g4 Kb8 51. Re7 fxg4 52. Kg3 a5 53. Kxg4 a4 54. Kf4 a3 55. Re3 a2 56. Ra3 Bc4 57. Ke5 Kc7 58. g4 Kc6 59. Kd4 Bf7 60. g5 Kb5 61. Ra7 Kb4 62. c6 1-0


[Site "https://www.chess.com"]

[Event "Titled Tuesday Blitz September 27 Early 2022"]
[White "Carlsen, Magnus"]
[Black "Bacrot, Etienne"]
[WhiteFideId "1503014"]
[BlackFideId "605506"]
[WhiteElo "2830"]
[BlackElo "2666"]
[Result "1-0"]
[Round "10"]
[TimeControl "180+1"]
[Date "2022.09.27"]
[WhiteClock "0:01:52"]
[BlackClock "0:00:10"]

1. d4 Nf6 2. c4 c6 3. Nf3 d5 4. e3 Bf5 5. Nc3 e6 6. Nh4 Be4 7. f3 Bg6 8. Nxg6 hxg6 9. Bd2 Nbd7 10. Qc2 Bd6 11. O-O-O Qe7 12. Kb1 dxc4 13. Bxc4 b5 14. Be2 a5 15. g4 O-O 16. g5 Nh5 17. Ne4 Rfc8 18. Rc1 Bb4 19. f4 Bxd2 20. Qxd2 Nb6 21. Nc5 Nd5 22. Nd3 a4 23. Bf3 Qd6 24. Rc5 Nb6 25. Ne5 Nd5 26. Rhc1 a3 27. b3 Ne7 28. Nxc6 Nxc6 29. Rxc6 Rxc6 30. Rxc6 Qd7 31. Rc5 e5 32. Bxa8 Qf5+ 33. Qc2 1-0


[Site "https://www.chess.com"]

[Event "Titled Tuesday Blitz September 27 Early 2022"]
[White "Carrasco Miranda, Andres"]
[Black "Sadykov, Ramil"]
[WhiteFideId "3405990"]
[BlackFideId "24113590"]
[WhiteElo "2177"]
[BlackElo "2243"]
[Result "0-1"]
[Round "10"]
[TimeControl "180+1"]
[Date "2022.09.27"]
[WhiteClock "0:00:01"]
[BlackClock "0:00:04"]

1. d4 Nf6 2. c4 c5 3. d5 b5 4. cxb5 a6 5. bxa6 g6 6. Nc3 Bg7 7. e4 O-O 8. Nf3 Qa5 9. Bd2 Bxa6 10. Bxa6 Qxa6 11. Qe2 d6 12. Qxa6 Nxa6 13. O-O Rfb8 14. b3 Nb4 15. Rfd1 Nxe4 16. Nxe4 Bxa1 17. Rxa1 Rxa2 18. Rb1 Nxd5 19. h4 c4 20. b4 f5 21. Nc3 Nxc3 22. Bxc3 e5 23. Rd1 Rb6 24. h5 gxh5 25. Nh4 Rc2 26. Be1 f4 27. Nf5 e4 28. Kh2 c3 29. Ne7+ Kf7 30. Nd5 Rc6 31. b5 Rc5 32. b6 Ke6 33. b7 Rb2 34. Nxc3 Rc4 35. Rb1 Rcb4 36. Rxb2 Rxb2 37. Nxe4 Rxb7 38. Ng5+ Kf5 39. Nf3 Rb2 40. Kg1 Ke4 41. Kf1 h6 42. Bd2 d5 43. Ke2 d4 44. Kd1 d3 45. Be1 Rb8 46. Kd2 Rg8 47. g3 fxg3 48. fxg3 Rc8 0-1


[Site "https://www.chess.com"]

[Event "Titled Tuesday Blitz September 27 Early 2022"]
[White "Caruana, Fabiano"]
[Black "Nakamura, Hikaru"]
[WhiteFideId "2020009"]
[BlackFideId "2016192"]
[WhiteElo "2847"]
[BlackElo "2850"]
[Result "0-1"]
[Round "10"]
[TimeControl "180+1"]
[Date "2022.09.27"]
[WhiteClock "0:00:03"]
[BlackClock "0:00:07"]

1. e3 e6 2. d4 d5 3. Nf3 c5 4. Bd3 Nc6 5. b3 cxd4 6. exd4 Bb4+ 7. c3 Bd6 8. O-O Nge7 9. Bb2 O-O 10. c4 dxc4 11. bxc4 Ng6 12. Re1 b6 13. Nbd2 Bb7 14. g3 Bb4 15. Rc1 Rc8 16. Re3 Be7 17. h4 Bf6 18. Nb3 a5 19. Be4 Rc7 20. Ba3 Be7 21. Bxe7 Ngxe7 22. d5 exd5 23. cxd5 Rd7 24. Bxh7+ Kh8 25. Ng5 g6 26. Bxg6 fxg6 27. Ne6 Qb8 28. Qe1 Rxd5 29. Qc3+ Re5 30. Nxf8 Nd5 31. Nxg6+ Kg8 32. Qd2 Nxe3 33. Nxe5 Nxe5 34. Qxe3 Nf3+ 35. Kf1 Qa8 36. Qe6+ Kh8 37. Qf6+ Kg8 38. Qg6+ Kh8 39. Qf6+ Kg8 40. Qe6+ Kh8 41. Rc4 Ba6 42. Qf6+ Kg8 43. Qe6+ Kh8 44. Ke2 a4 45. Nd2 Nd4+ 0-1


[Site "https://www.chess.com"]

[Event "Titled Tuesday Blitz September 27 Early 2022"]
[White "Cramling Bellon, Anna"]
[Black "Flis, Pawel"]
[WhiteFideId "32009232"]
[BlackFideId "1112864"]
[WhiteElo "1905"]
[BlackElo "1735"]
[Result "1-0"]
[Round "10"]
[TimeControl "180+1"]
[Date "2022.09.27"]
[WhiteClock "0:02:13"]
[BlackClock "0:00:47"]

1. d4 Nf6 2. c4 c5 3. d5 b5 4. cxb5 a6 5. Nc3 Qa5 6. Bd2 axb5 7. Ne4 Qb6 8. Nxf6+ gxf6 9. e4 d6 10. Nf3 Bg4 11. Be2 Nd7 12. O-O Rg8 13. Kh1 Bxf3 14. Bxf3 Ne5 15. Be2 c4 16. a4 Ra7 17. axb5 Rxa1 18. Qxa1 Qxb5 19. Qa8+ Kd7 20. Qa7+ Ke8 21. Bd1 Qc5 22. Ba4+ Kd8 23. Ba5+ Kc8 24. Qa8# 1-0


[Site "https://www.chess.com"]

[Event "Titled Tuesday Blitz September 27 Early 2022"]
[White "D`Arruda, Ricardo D."]
[Black "Smietanska, Wiktoria"]
[WhiteFideId "100692"]
[BlackFideId "21869359"]
[WhiteElo "2456"]
[BlackElo "1847"]
[Result "1/2-1/2"]
[Round "10"]
[TimeControl "180+1"]
[Date "2022.09.27"]
[WhiteClock "0:01:05"]
[BlackClock "0:01:08"]

1. d4 Nf6 2. Nf3 g6 3. Nc3 d5 4. Bg5 Bg7 5. Bxf6 Bxf6 6. e4 dxe4 7. Nxe4 Bg7 8. Bc4 O-O 9. O-O c6 10. c3 Nd7 11. Qe2 Nf6 12. Nxf6+ Bxf6 13. Rfe1 b5 14. Bb3 a5 15. a4 Ba6 16. axb5 cxb5 17. Rad1 a4 18. Ba2 b4 19. Bc4 Bxc4 20. Qxc4 bxc3 21. bxc3 Qd7 22. Ra1 Ra7 23. Re2 Rfa8 24. Rea2 e6 25. g3 a3 26. Ne5 Bxe5 27. dxe5 Qb7 28. Qb4 Qxb4 29. cxb4 Ra4 30. b5 Rb8 31. Rxa3 Rxa3 32. Rxa3 Rxb5 33. f4 Kg7 34. Ra7 g5 35. Kg2 gxf4 36. gxf4 Rb2+ 37. Kg3 Rb3+ 38. Kg4 Rb2 39. h3 Rg2+ 40. Kf3 Rh2 41. Kg3 Rh1 42. Rb7 Rg1+ 43. Kf3 Rf1+ 44. Kg3 Rg1+ 45. Kf3 Rf1+ 46. Kg3 Rg1+ 1/2-1/2


[Site "https://www.chess.com"]

[Event "Titled Tuesday Blitz September 27 Early 2022"]
[White "Dardha, Daniel"]
[Black "Vlassov, Nikolai"]
[WhiteFideId "240990"]
[BlackFideId "4103360"]
[WhiteElo "2528"]
[BlackElo "2324"]
[Result "0-1"]
[Round "10"]
[TimeControl "180+1"]
[Date "2022.09.27"]
[WhiteClock "0:00:07"]
[BlackClock "0:00:05"]

1. e4 Nc6 2. d4 d5 3. Nc3 e5 4. exd5 Nxd4 5. Nge2 Bc5 6. Be3 Bg4 7. h3 Bh5 8. Qd2 Nf6 9. Nxd4 exd4 10. Bxd4 Bxd4 11. Qxd4 O-O 12. g4 Re8+ 13. Be2 Bg6 14. O-O-O Ne4 15. Bf3 Qg5+ 16. Kb1 Nxc3+ 17. Qxc3 Qf4 18. Rde1 h6 19. a3 Kf8 20. Qb4+ Qxb4 21. axb4 Rxe1+ 22. Rxe1 Re8 23. Rxe8+ Kxe8 24. b3 b6 25. Kb2 Ke7 26. c4 Kd6 27. Kc3 Ke5 28. c5 Bb1 29. Bg2 g5 30. Kc4 Bc2 31. d6 cxd6 32. c6 d5+ 33. Bxd5 Kd6 34. Bxf7 Kxc6 35. Kd4 Kb5 36. Kc3 Be4 37. Bc4+ Kc6 38. Bf1 Kd5 39. Ba6 Ke5 40. Bf1 Kf4 41. Kd2 Kf3 42. Ke1 Bc2 43. Bc4 Kg2 44. Bf1+ Kh2 45. f3 Bxb3 46. Kf2 a5 47. bxa5 bxa5 48. h4 a4 49. hxg5 hxg5 50. Bd3 a3 51. Bb1 Bd5 52. f4 gxf4 53. g5 Kh3 54. g6 Kg4 55. g7 a2 56. Bg6 a1=Q 57. Bd3 Qb2+ 58. Be2+ f3 59. Ke3 Qxe2+ 60. Kd4 Qd2+ 61. Kc5 f2 62. Kd6 Bg8+ 63. Ke5 f1=Q 64. Ke4 Qff4# 0-1


[Site "https://www.chess.com"]

[Event "Titled Tuesday Blitz September 27 Early 2022"]
[White "De Souza, Cristiano Gomes"]
[Black "Alexikov, Alexander"]
[WhiteFideId "2151758"]
[BlackFideId "14103958"]
[WhiteElo "2068"]
[BlackElo "2222"]
[Result "1-0"]
[Round "10"]
[TimeControl "180+1"]
[Date "2022.09.27"]
[WhiteClock "0:00:26"]
[BlackClock "0:00:01"]

1. d4 Nf6 2. c4 g6 3. Nc3 Bg7 4. e4 d6 5. Nf3 O-O 6. Be2 e5 7. O-O Na6 8. Be3 Ng4 9. Bg5 f6 10. Bh4 Kh8 11. h3 Nh6 12. d5 c5 13. dxc6 bxc6 14. a3 Nc5 15. b4 Ne6 16. Qa4 c5 17. Nd5 Bb7 18. Rad1 Nd4 19. Nxd4 cxd4 20. f3 a5 21. Qb3 axb4 22. axb4 Nf7 23. Ra1 Bxd5 24. exd5 Qb6 25. Bf2 Bh6 26. Rfb1 Rfb8 27. Rxa8 Rxa8 28. Qc2 Rc8 29. Bd3 Kg7 30. g3 f5 31. f4 Kg8 32. fxe5 Nxe5 33. Qe2 Be3 34. Bxe3 dxe3 35. Kg2 Qd4 36. Rd1 Nxd3 37. Rxd3 Qe4+ 38. Kh2 Rxc4 39. Rxe3 1-0


[Site "https://www.chess.com"]

[Event "Titled Tuesday Blitz September 27 Early 2022"]
[White "Derjabin, Ilja"]
[Black "Jakubowski, Krzysztof"]
[WhiteFideId "14104768"]
[BlackFideId "1112848"]
[WhiteElo "2341"]
[BlackElo "2306"]
[Result "1/2-1/2"]
[Round "10"]
[TimeControl "180+1"]
[Date "2022.09.27"]
[WhiteClock "0:00:32"]
[BlackClock "0:00:53"]

1. d4 d5 2. c4 c6 3. Nc3 Nf6 4. Nf3 e6 5. e3 Nbd7 6. Bd3 dxc4 7. Bxc4 b5 8. Bd3 Bd6 9. O-O O-O 10. e4 e5 11. Bg5 Bb7 12. Rc1 a6 13. Ne2 h6 14. Bh4 Re8 15. Ng3 g5 16. Nxg5 hxg5 17. Bxg5 Qb6 18. Nf5 Bf8 19. Qf3 Nh7 20. Bh6 Re6 21. Bxf8 Ndxf8 22. dxe5 Rae8 23. Nd6 R8e7 24. Nf5 Rd7 25. Rfd1 Ng5 26. Qh5 Rg6 27. Nh6+ Kg7 28. Nf5+ Kg8 29. Nh6+ Kg7 30. Nf5+ Kg8 1/2-1/2


[Site "https://www.chess.com"]

[Event "Titled Tuesday Blitz September 27 Early 2022"]
[White "Diaz Perez, Michel Alejandro"]
[Black "Matt, Fabian"]
[WhiteFideId "3517179"]
[BlackFideId "1623303"]
[WhiteElo "2313"]
[BlackElo "2287"]
[Result "1-0"]
[Round "10"]
[TimeControl "180+1"]
[Date "2022.09.27"]
[WhiteClock "0:01:37"]
[BlackClock "0:00:29"]

1. Nf3 Nf6 2. g3 d5 3. Bg2 Bf5 4. O-O c6 5. d3 e6 6. Nbd2 h6 7. Re1 Nbd7 8. c4 dxc4 9. Nxc4 Be7 10. b3 O-O 11. Bb2 a5 12. e4 Bg4 13. h3 Bxf3 14. Bxf3 c5 15. Qe2 Qc7 16. Rac1 Rfd8 17. d4 cxd4 18. Bxd4 Qb8 19. Red1 a4 20. h4 axb3 21. axb3 Nc5 22. Qb2 Ncd7 23. e5 Ne8 24. Nd6 Bxd6 25. exd6 Qa7 26. Bxa7 1-0


[Site "https://www.chess.com"]

[Event "Titled Tuesday Blitz September 27 Early 2022"]
[White "Dushyant Sharma"]
[Black "Goncalves, Davi Sulzbacher"]
[WhiteFideId "25065130"]
[BlackFideId "2154510"]
[WhiteElo "2144"]
[BlackElo "2107"]
[Result "1-0"]
[Round "10"]
[TimeControl "180+1"]
[Date "2022.09.27"]
[WhiteClock "0:01:51"]
[BlackClock "0:00:49"]

1. e4 g6 2. Nf3 Bg7 3. d4 d6 4. Nc3 Nc6 5. Be3 e5 6. dxe5 Nxe5 7. Nxe5 Bxe5 8. Qd2 Ne7 9. O-O-O Be6 10. f4 Bg7 11. h4 h5 12. Bb5+ Kf8 13. Bd3 b5 14. Rdf1 b4 15. Nb1 Bxa2 16. f5 gxf5 17. exf5 Nd5 18. Bg5 f6 19. Be4 Bxb1 20. Bxd5 c6 21. Be6 fxg5 22. f6 Bh6 23. hxg5 Bxc2 24. Kxc2 b3+ 25. Kb1 Rb8 26. gxh6 d5 27. Qg5 1-0


[Site "https://www.chess.com"]

[Event "Titled Tuesday Blitz September 27 Early 2022"]
[White "Ernst, Sipke"]
[Black "Ferreira, Vitor Hugo Vieira"]
[WhiteFideId "1004689"]
[BlackFideId "2119765"]
[WhiteElo "2436"]
[BlackElo "2168"]
[Result "1-0"]
[Round "10"]
[TimeControl "180+1"]
[Date "2022.09.27"]
[WhiteClock "0:00:10"]
[BlackClock "0:00:01"]

1. d4 d5 2. c4 c6 3. Nf3 Nf6 4. Nc3 e6 5. g3 Be7 6. Bg2 O-O 7. O-O dxc4 8. Ne5 c5 9. dxc5 Qc7 10. Nxc4 Rd8 11. Qb3 Bxc5 12. Bf4 Qe7 13. Bg5 Nc6 14. e3 h6 15. Bxf6 Qxf6 16. Ne4 Qe7 17. Rfd1 Rxd1+ 18. Rxd1 Rb8 19. Nxc5 Qxc5 20. Bxc6 Qxc6 21. Rd8+ Kh7 22. Qd3+ f5 23. Qd6 Qxc4 24. Qxb8 Bd7 25. Rxd7 Qc1+ 26. Kg2 Qc6+ 27. Kf1 Qxd7 28. Qxa7 Qd5 29. Qb6 Qd1+ 30. Kg2 Qd5+ 31. Kh3 Qf3 32. Qxe6 Qxf2 33. Qd5 Qf1+ 34. Qg2 Qc4 35. Qf3 Kg6 36. g4 Kh7 37. Qxf5+ Kh8 38. b3 Qc3 39. Qf8+ Kh7 40. Qf5+ Kh8 41. Qe4 b5 42. a4 b4 43. Qe8+ Kh7 44. Qe6 Qe1 45. Qe4+ Kh8 46. Qf3 Qc3 47. Qf8+ Kh7 48. Qf5+ Kh8 49. Qe6 Qe1 50. Qe4 Qc3 51. Qa8+ Kh7 52. Qd5 Qxe3+ 53. Kg2 Qe2+ 54. Kg3 Qe1+ 55. Kf4 Qf2+ 56. Ke4 Qg2+ 57. Kd4 Qd2+ 58. Kc5 Qc3+ 59. Kb5 Qh3 60. Qe4+ Kh8 61. a5 1-0


[Site "https://www.chess.com"]

[Event "Titled Tuesday Blitz September 27 Early 2022"]
[White "Fawzy, Adham"]
[Black "Dahale, Atul"]
[WhiteFideId "10613129"]
[BlackFideId "5037794"]
[WhiteElo "2541"]
[BlackElo "2017"]
[Result "1-0"]
[Round "10"]
[TimeControl "180+1"]
[Date "2022.09.27"]
[WhiteClock "0:02:36"]
[BlackClock "0:02:12"]

1. e4 d6 2. Nf3 g6 3. d4 Bg7 4. Bc4 Nf6 5. Nc3 O-O 6. O-O Nxe4 7. Nxe4 d5 8. Bd3 dxe4 9. Bxe4 c6 10. h3 Nd7 11. c3 Nf6 12. Bc2 b5 13. Bg5 Be6 14. Qd2 Qc7 15. Bf4 Qb7 16. Ne5 1-0


[Site "https://www.chess.com"]

[Event "Titled Tuesday Blitz September 27 Early 2022"]
[White "Fernandez De La Vara, Arnaldo"]
[Black "Rostovtsev, Dmitry"]
[WhiteFideId "3518388"]
[BlackFideId "34278320"]
[WhiteElo "2387"]
[BlackElo "2313"]
[Result "1/2-1/2"]
[Round "10"]
[TimeControl "180+1"]
[Date "2022.09.27"]
[WhiteClock "0:00:09"]
[BlackClock "0:00:31"]

1. Nf3 Nf6 2. g3 e6 3. Bg2 d5 4. O-O Be7 5. d4 O-O 6. c4 dxc4 7. Qc2 b5 8. a4 Bb7 9. axb5 a6 10. bxa6 Nxa6 11. Bd2 Nb4 12. Rxa8 Nxc2 13. Rxd8 Rxd8 14. Rc1 Nxd4 15. Nxd4 Bxg2 16. Nxe6 fxe6 17. Kxg2 Ne4 18. Bf4 Rf8 19. Rxc4 Nxf2 20. Kxf2 e5 21. Rxc7 Bd8 22. Rc4 exf4 23. Rxf4 Bf6 24. b3 Rb8 25. Nd2 Bc3 26. Ne4 Rxb3 27. Nxc3 Rxc3 28. h4 h5 29. e4 Rc2+ 30. Kf3 Rc3+ 31. Kf2 Rc2+ 32. Ke3 Rc3+ 33. Kd4 Rxg3 34. e5 Rg4 35. Rxg4 hxg4 36. Ke4 Kf7 37. Kf4 Ke6 38. Kxg4 Kxe5 39. Kg5 Ke4 40. Kg4 Ke5 41. Kg5 Ke4 42. h5 Kf3 43. Kf5 Kg3 44. Kg5 Kh3 45. Kg6 Kh4 46. Kxg7 Kxh5 1/2-1/2


[Site "https://www.chess.com"]

[Event "Titled Tuesday Blitz September 27 Early 2022"]
[White "Fiorito, Francisco"]
[Black "Saucey, Michel"]
[WhiteFideId "180165"]
[BlackFideId "601845"]
[WhiteElo "1787"]
[BlackElo "2253"]
[Result "1-0"]
[Round "10"]
[TimeControl "180+1"]
[Date "2022.09.27"]
[WhiteClock "0:00:35"]
[BlackClock "0:00:10"]

1. d4 d5 2. Nf3 e6 3. c3 Nf6 4. Bf4 Bd6 5. Bg3 O-O 6. e3 c5 7. Bd3 Qc7 8. Nbd2 Nbd7 9. O-O Bxg3 10. hxg3 e5 11. dxe5 Nxe5 12. Nxe5 Qxe5 13. Nf3 Qc7 14. c4 dxc4 15. Bxc4 b6 16. Qc2 Bb7 17. Rad1 Rad8 18. b3 Bd5 19. Bd3 Rfe8 20. Rfe1 h6 21. Nh4 Be4 22. Bxe4 Rxd1 23. Bh7+ Nxh7 24. Rxd1 Rd8 25. Nf5 Nf6 26. Rd2 h5 27. Qd1 Rxd2 28. Qxd2 g6 29. Nh4 Qd7 30. Qc2 Qd5 31. Nxg6 Qe4 32. Qxe4 Nxe4 33. Ne7+ Kf8 34. Nd5 b5 35. Kf1 f5 36. Ke2 Kf7 37. Nc7 b4 38. Nb5 a6 39. Nc7 Nc3+ 40. Kd3 Nxa2 41. Nxa6 Nc1+ 42. Kc4 Ke6 43. Nxc5+ Ke5 44. Nd3+ Nxd3 45. Kxd3 1-0


[Site "https://www.chess.com"]

[Event "Titled Tuesday Blitz September 27 Early 2022"]
[White "Forgacs, Attila Jr."]
[Black "Stanisz, Patryk"]
[WhiteFideId "773654"]
[BlackFideId "1123106"]
[WhiteElo "2062"]
[BlackElo "1833"]
[Result "0-1"]
[Round "10"]
[TimeControl "180+1"]
[Date "2022.09.27"]
[WhiteClock "0:01:10"]
[BlackClock "0:00:07"]

1. e4 c5 2. Nf3 Nc6 3. d4 cxd4 4. Nxd4 Nf6 5. Nc3 e5 6. Ndb5 d6 7. Nd5 Nxd5 8. exd5 Ne7 9. c3 Nf5 10. a4 Be7 11. Be2 O-O 12. O-O Nh4 13. f4 a6 14. Na3 exf4 15. Bxf4 Qb6+ 16. Kh1 Ng6 17. Nc4 Qc7 18. a5 Nxf4 19. Rxf4 Bg5 20. Rf1 Bd7 21. Nb6 Rae8 22. Bd3 g6 23. Qc2 Re3 24. Rae1 Rfe8 25. Rxe3 Bxe3 26. Nxd7 Qxd7 27. Qe2 Bh6 28. Qf2 Re5 29. c4 Bg7 30. b4 Rh5 31. Be4 Be5 32. h3 f6 33. Bf3 Rg5 34. c5 Kg7 35. c6 Qe7 36. Qb6 bxc6 37. dxc6 d5 38. c7 Bxc7 39. Qxa6 Qe5 40. Kg1 Qh2+ 41. Kf2 Qg3+ 42. Ke2 Re5+ 43. Kd1 Re3 44. Qc6 Qe5 45. Qc2 Qa1+ 46. Kd2 Qd4+ 47. Kc1 Rc3 48. Rf2 Rxc2+ 49. Rxc2 Bf4+ 50. Kb1 Qxb4+ 51. Rb2 Qxa5 52. Rb7+ Kh6 53. Rb2 Qe1+ 54. Ka2 Qa5+ 55. Kb1 Be5 56. Kc2 Bxb2 57. Kxb2 Qb4+ 58. Kc2 d4 59. Kd1 d3 60. Kc1 Qc3+ 61. Kb1 Qc2+ 62. Ka1 d2 63. Bd1 Qxd1+ 64. Ka2 Qc1 65. Kb3 d1=Q+ 66. Kb4 Qd4+ 67. Ka5 Qcc5+ 68. Ka6 Qdd6+ 0-1


[Site "https://www.chess.com"]

[Event "Titled Tuesday Blitz September 27 Early 2022"]
[White "Gabdrakhmanov, Azat"]
[Black "Mickiewicz, Piotr"]
[WhiteFideId "34189197"]
[BlackFideId "1114891"]
[WhiteElo "2233"]
[BlackElo "2246"]
[Result "0-1"]
[Round "10"]
[TimeControl "180+1"]
[Date "2022.09.27"]
[WhiteClock "0:00:07"]
[BlackClock "0:00:21"]

1. e4 e5 2. Nf3 Nc6 3. Bb5 Bc5 4. O-O d6 5. c3 Bb6 6. d4 exd4 7. cxd4 Bd7 8. Nc3 Nge7 9. Bg5 h6 10. Bh4 O-O 11. h3 Qe8 12. Re1 Ng6 13. Bg3 Nce7 14. Bd3 Qd8 15. Qc2 f5 16. a4 a5 17. e5 dxe5 18. dxe5 Bc6 19. Bc4+ Kh8 20. Rad1 Qe8 21. Nd4 f4 22. Bh2 Bxd4 23. Rxd4 Nf5 24. Rdd1 Nfh4 25. Bd5 f3 26. g3 Ng2 27. Re4 Ne7 28. Rg4 Nxd5 29. Nxd5 Qxe5 30. Re4 Qf5 31. Rc4 Qxh3 32. Ne7 Nf4 33. Ng6+ Nxg6 0-1


[Site "https://www.chess.com"]

[Event "Titled Tuesday Blitz September 27 Early 2022"]
[White "Girel, Joseph"]
[Black "Shyaamnikhil P"]
[WhiteFideId "36033561"]
[BlackFideId "5024218"]
[WhiteElo "2104"]
[BlackElo "2273"]
[Result "0-1"]
[Round "10"]
[TimeControl "180+1"]
[Date "2022.09.27"]
[WhiteClock "0:00:03"]
[BlackClock "0:00:09"]

1. e4 e5 2. Nf3 Nc6 3. Bc4 Nf6 4. d4 exd4 5. e5 d5 6. Bb5 Nd7 7. O-O Be7 8. Bxc6 bxc6 9. Nxd4 Nb8 10. Qf3 Qd7 11. Nc3 O-O 12. Qg3 Qg4 13. Be3 Qxg3 14. hxg3 f6 15. f4 fxe5 16. fxe5 Re8 17. Rae1 Bb4 18. Bf4 Bc5 19. Rd1 Bg4 20. Na4 Bb6 21. Rd2 h6 22. Nxb6 axb6 23. e6 Na6 24. Re1 c5 25. Nb5 Rxe6 26. Rf1 Rc6 27. Re1 g5 28. Be5 Re8 29. Rd3 Nb4 30. Rb3 Rce6 31. Rbe3 Nxc2 32. Nxc7 Nxe3 33. Nxe6 Nc2 34. Nc7 Re7 35. Nxd5 Re6 36. Rc1 Rxe5 37. Nf6+ Kg7 38. Nxg4 Re2 39. Rd1 Nd4 40. b4 Rxa2 41. bxc5 bxc5 42. Ne3 Ra7 43. Kh2 Re7 44. Nc4 Re2 45. Kh3 h5 46. Ra1 g4+ 47. Kh4 Kh6 48. Ra6+ Re6 49. Rxe6+ Nxe6 50. Nd6 Ng7 51. Nf7+ Kg6 52. Ne5+ Kf5 53. Nc4 Kf6 54. Nd6 Kg6 55. Nf5 Nxf5# 0-1


[Site "https://www.chess.com"]

[Event "Titled Tuesday Blitz September 27 Early 2022"]
[White "Gu, Xiaobing"]
[Black "Srihari L R"]
[WhiteFideId "8602611"]
[BlackFideId "46617116"]
[WhiteElo "2174"]
[BlackElo "2208"]
[Result "1/2-1/2"]
[Round "10"]
[TimeControl "180+1"]
[Date "2022.09.27"]
[WhiteClock "0:00:07"]
[BlackClock "0:00:31"]

1. e4 g6 2. d4 Bg7 3. Nc3 d6 4. Be3 a6 5. Qd2 b5 6. a3 Bb7 7. Nf3 Nd7 8. Be2 Rc8 9. O-O c5 10. Rad1 cxd4 11. Nxd4 Ngf6 12. Bh6 O-O 13. Bxg7 Kxg7 14. Qe3 Kg8 15. f4 Rxc3 16. Qxc3 Nxe4 17. Qe3 Qb6 18. Bf3 f5 19. Rfe1 Rc8 20. Qb3+ Kf8 21. Kf1 e5 22. Bxe4 Bxe4 23. Qe6 exd4 24. Qxd7 Rxc2 25. Qe6 Bxg2+ 26. Kg1 d3+ 27. Re3 Be4 28. Rxd3 Bxd3 29. Qe8+ Kg7 30. Qe7+ Kh6 31. Qg5+ Kg7 32. Qe7+ Kg8 33. Qe8+ Kg7 34. Qe7+ 1/2-1/2


[Site "https://www.chess.com"]

[Event "Titled Tuesday Blitz September 27 Early 2022"]
[White "Gulevich, Artem"]
[Black "Acosta Villarroel, Lorner Jesus"]
[WhiteFideId "24119580"]
[BlackFideId "3906337"]
[WhiteElo "2218"]
[BlackElo "2325"]
[Result "1-0"]
[Round "10"]
[TimeControl "180+1"]
[Date "2022.09.27"]
[WhiteClock "0:00:59"]
[BlackClock "0:00:03"]

1. Nf3 e6 2. b3 d5 3. Bb2 Nf6 4. e3 c5 5. Be2 Nc6 6. O-O Bd6 7. d4 Qc7 8. dxc5 Bxc5 9. Nbd2 O-O 10. a3 e5 11. b4 Bd6 12. h3 a6 13. c4 Be6 14. cxd5 Bxd5 15. Rc1 Qe7 16. Nc4 Rfd8 17. Nxd6 Rxd6 18. Qc2 Rad8 19. Rfd1 Be4 20. Qb3 Bd5 21. Qc2 Be4 22. Qc3 Rxd1+ 23. Rxd1 Rxd1+ 24. Bxd1 Qd6 25. Be2 Nd5 26. Qc4 Nf6 27. Nxe5 Nxe5 28. Qc8+ Qf8 29. Qxf8+ Kxf8 30. Bxe5 Nd7 31. Bd4 Bc6 32. g3 f6 33. Kf1 Ke7 34. Bd3 h6 35. Ke2 Kd6 36. Bf5 Ne5 37. Bc5+ Kd5 38. Bf8 g6 39. Bb1 h5 40. f4 Bb5+ 41. Kd2 Nc4+ 42. Kc3 g5 43. Ba2 1-0


[Site "https://www.chess.com"]

[Event "Titled Tuesday Blitz September 27 Early 2022"]
[White "Guliev, Logman"]
[Black "Averjanov, Alexey"]
[WhiteFideId "13400061"]
[BlackFideId "14109867"]
[WhiteElo "2128"]
[BlackElo "2643"]
[Result "0-1"]
[Round "10"]
[TimeControl "180+1"]
[Date "2022.09.27"]
[WhiteClock "0:01:27"]
[BlackClock "0:02:03"]

1. e4 c6 2. d4 d5 3. exd5 cxd5 4. c4 Nf6 5. Nc3 e6 6. Nf3 Be7 7. Bg5 O-O 8. Bd3 dxc4 9. Bxc4 a6 10. O-O b5 11. Bd3 Bb7 12. Rc1 Nc6 13. Bb1 Nd5 14. Bxe7 Ncxe7 15. Ne5 Ng6 16. Qg4 Rc8 17. Bxg6 hxg6 18. Ne4 Rxc1 19. Rxc1 f5 20. Qxg6 Nf4 21. Qg5 Qxg5 22. Nxg5 Ne2+ 23. Kf1 Nxc1 24. Nxe6 Rc8 25. Nc5 Bd5 26. b3 Nxa2 27. f3 a5 0-1


[Site "https://www.chess.com"]

[Event "Titled Tuesday Blitz September 27 Early 2022"]
[White "Guz, Ari"]
[Black "Salman, Pavel"]
[WhiteFideId "2825759"]
[BlackFideId "24153753"]
[WhiteElo "1913"]
[BlackElo "2039"]
[Result "0-1"]
[Round "10"]
[TimeControl "180+1"]
[Date "2022.09.27"]
[WhiteClock "0:01:41"]
[BlackClock "0:00:34"]

1. e4 c5 2. Nf3 e6 3. c3 Nf6 4. e5 Nd5 5. Bc4 Nb6 6. Bb5 a6 7. Be2 d6 8. d4 cxd4 9. cxd4 dxe5 10. Nxe5 N8d7 11. O-O Nxe5 12. dxe5 Qxd1 13. Rxd1 Bc5 14. Bf3 O-O 15. a3 Nc4 16. b4 Be7 17. Bf4 g5 18. Bg3 a5 19. b5 a4 20. Rc1 Na5 21. Nd2 Rd8 22. Rd1 Rxd2 23. Rxd2 Nb3 24. Rad1 Nxd2 25. Rxd2 Bxa3 26. Rd8+ Kg7 27. h4 Be7 28. Rd2 h6 29. Ra2 a3 30. hxg5 hxg5 31. Be4 Ra4 32. f3 Bd7 33. b6 Rb4 34. Bf2 Bc6 35. Bxc6 bxc6 36. Kh2 Rb2 37. Ra1 Rxf2 38. Rb1 Rb2 39. b7 Rxb1 0-1


[Site "https://www.chess.com"]

[Event "Titled Tuesday Blitz September 27 Early 2022"]
[White "Haitin, Ilja"]
[Black "Manukian, Artak"]
[WhiteFideId "4501764"]
[BlackFideId "13301373"]
[WhiteElo "2243"]
[BlackElo "2503"]
[Result "0-1"]
[Round "10"]
[TimeControl "180+1"]
[Date "2022.09.27"]
[WhiteClock "0:00:01"]
[BlackClock "0:01:55"]

1. e4 c6 2. d4 d5 3. exd5 cxd5 4. Bd3 Nc6 5. c3 e5 6. dxe5 Nxe5 7. Nf3 Nxd3+ 8. Qxd3 Be7 9. O-O Nf6 10. h3 O-O 11. Bg5 h6 12. Bxf6 Bxf6 13. Nbd2 Qb6 14. Nb3 Rd8 15. Rad1 a5 16. Rd2 a4 17. Nbd4 a3 18. b3 Qc5 19. Re1 b6 20. b4 Qc4 21. Qxc4 dxc4 22. Nc6 Rxd2 23. Nxd2 Bb7 24. Ne5 b5 25. f4 g5 26. g3 gxf4 27. gxf4 Rd8 28. Ne4 Bxe4 29. Rxe4 Rd2 30. Ng4 Kg7 31. Re8 Rxa2 0-1


[Site "https://www.chess.com"]